 Dungeon Crawl Stone Soup version 0.31-a0-8-gd14b0f4ee2 (webtiles) character file.

Game seed: 551738169424683746

37 Kuronicle the Trooper (level 3, -1/39 HPs)
             Began as an Ogre Fighter on May 6, 2023.
             Slain by a hobgoblin (2 damage)
             ... led by Robin
             ... on level 2 of the Dungeon.
             The game lasted 00:02:24 (1163 turns).

Kuronicle the Trooper (Ogre Fighter)                Turns: 1163, Time: 00:02:25

Health: -1/39      AC:  3    Str: 22    XL:     3   Next: 41%
Magic:  4/4        EV:  8    Int:  9    God:
Gold:   118        SH:  7    Dex:  8    Spells: 3/3 levels left

rFire   . . .        a - +0 war axe
rCold   . . .        c - +0 kite shield
rNeg    . . .        b - +0 robe
rPois   .            (helmet restricted)
rElec   .            (no cloak)
rCorr   .            (gloves unavailable)
SInv    .            (boots unavailable)
Will    .....        (no amulet)
Stlth   +            (no ring)
HPRegen 0.26/turn    (no ring)
MPRegen 0.09/turn

%: no passive effects
@: mighty
A: large, unfitting armour, tough skin 1
a: no special abilities


You were on level 2 of the Dungeon.
You visited 1 branch of the dungeon, and saw 2 of its levels.

You collected 118 gold pieces.

Inventory:

Hand Weapons
 a - a +0 war axe (weapon)
Missiles
 e - 8 stones (quivered)
Armour
 b - a +0 robe (worn)
 c - a +0 kite shield (worn)
Scrolls
 f - a scroll of identify {unknown}
 g - a scroll of teleportation {unknown}


   Skills:
 + Level 4.2 Fighting
 * Level 2.5 Axes
 * Level 1.0 Armour
 + Level 2.8 Dodging
 + Level 3.1 Shields
 * Level 0.9 Spellcasting


You had 3 spell levels left.
You didn't know any spells.
Your spell library was empty.

Dungeon Overview and Level Annotations

Branches:
Dungeon (2/15)

Altars:

Annotations:
D:2 Robin


Innate Abilities, Weirdness & Mutations

You are too large for most types of armour.
You have tough skin. (AC +1)


Message History

The hobgoblin no longer looks unusually strong.
Robin throws the goblin at you! The hobgoblin barely misses you.
You completely miss the hobgoblin. You barely miss the goblin.
The goblin hits you with a +0 dagger. The hobgoblin hits you.
You closely miss the goblin. You hit the hobgoblin but do no damage.
The goblin no longer looks unusually strong.
You block the goblin's attack.
The hobgoblin hits you but does no damage.
The goblin hits you with a +0 dagger.
The hobgoblin hits you but does no damage.
You closely miss the goblin. You barely miss the hobgoblin.
The goblin barely misses you. The hobgoblin closely misses you.
You closely miss the goblin. You barely miss the hobgoblin.
The goblin no longer looks unusually strong.
You block the goblin's attack. You block the hobgoblin's attack.
Robin roars a battlecry!
The goblins go into a battle-frenzy!
The goblin closely misses you. The hobgoblin hits you.
You barely miss the goblin. You closely miss the hobgoblin.
The goblin barely misses you.
The hobgoblin hits you but does no damage.
The goblin hits you with a +0 dagger. The hobgoblin closely misses you.
You barely miss the goblin. You closely miss the hobgoblin.
You block the goblin's attack. The hobgoblin hits you.
You hit the goblin.
The goblin is moderately wounded.
You closely miss the hobgoblin. The goblin hits you but does no damage.
You block the hobgoblin's attack. The hobgoblin hits you.
* * * LOW HITPOINT WARNING * * *
The goblin hits you with a +0 dagger.
* * * LOW HITPOINT WARNING * * *
You feel very mighty all of a sudden. The goblin hits you with a +0 dagger.
* * * LOW HITPOINT WARNING * * *
The hobgoblin hits you.
* * * LOW HITPOINT WARNING * * *
You slice the goblin!!
You kill the goblin!
You barely miss the hobgoblin. The hobgoblin hits you.
You die... ######### #gg.g.ggg

#g#
#@#
#)#
#.#
#.#
#.#
#.#
#.#
#.#
#.#..


You could see Robin, a hobgoblin (strong) and a goblin (strong).

Vanquished Creatures
  A worm (D:2)
  4 endoplasms (D:1)
  6 goblins
  4 hobgoblins
  2 quokkas
  3 ball pythons (D:1)
  2 bats (D:1)
  8 frilled lizards
  3 kobolds
  3 rats (D:1)
36 creatures vanquished.

Notes
Turn   | Place    | Note
-------+----------+-------------------------------------------
     0 | D:1      | Kuronicle the Ogre Fighter began the quest for the Orb.
     0 | D:1      | Reached XP level 1. HP: 24/24 MP: 1/1
    52 | D:1      | Reached XP level 2. HP: 25/32 MP: 2/2
   527 | D:1      | Reached XP level 3. HP: 36/39 MP: 4/4
  1112 | D:2      | Reached skill level 1 in Armour
  1143 | D:2      | Identified the +3 helmet "Qankong" {Str+2}
  1143 | D:2      | Noticed Robin
  1162 | D:2      | HP: 1/39 [hobgoblin[Robin] (2)]
  1163 | D:2      | Slain by a hobgoblin

Illustrated notes

Levels and vault maps discovered:
D:1:      nzn_arrival_water_spiral, layout_basic
D:2:      layout_loops_ring, uniq_robin

Skill      XL: |  1  2  3 |
---------------+----------+-----
Armour         | 1 |  1.0
Fighting       | |  4.2
Axes           | |  2.5
Dodging        | |  2.8
Shields        | |  3.1
Spellcasting   | |  0.9

Action                     || total
---------------------------++-------
  Melee: War axe           ||   121
    Use: Scroll            ||     1
         Potion            ||     1
 Armour: Robe              ||    31
  Dodge: Dodged            ||    48
  Block: Kite shield       ||    47

Table legend: (Time is in decaauts)
 A = Elapsed time spent in this place.
 B = Non-inter-level travel time spent in this place.
 C = Inter-level travel time spent in this place.
 D = Time resting spent in this place.
 E = Time spent auto-exploring this place.
 F = Levels seen in this place.
 G = Mean time per level.
                   A        B        C        D        E       F      G
               +--------+--------+--------+--------+--------+-----+--------+
         Total |   1226 |   1218 |      8 |      0 |    856 |   2 |  613.0 |
       Dungeon |   1226 |   1218 |      8 |      0 |    856 |   2 |  613.0 |
               +--------+--------+--------+--------+--------+-----+--------+

Top non-repeatable levels by time:
     D:1: 968 daAuts
     D:2: 257 daAuts
